 Dungeon Crawl Stone Soup version 0.31.0 (webtiles) character file.

Game seed: 6633879981789787490

13055 Esekla the Covert (level 12, -4/61 HPs)
             Began as a Vine Stalker Hedge Wizard on Jan 20, 2024.
             Was an Elder of Vehumet.
             Hit by a large rock thrown by a cyclops (34 damage)
             ... on level 11 of the Dungeon.
             The game lasted 01:14:13 (10481 turns).

Esekla the Covert (Vine Stalker Hedge Wizard)      Turns: 10481, Time: 01:14:13

Health: -4/61      AC:  8    Str: 14    XL:     12   Next: 2%
Magic:  0/24       EV: 14    Int: 18    God:    Vehumet [****..]
Gold:   492        SH:  5    Dex: 17    Spells: 10/26 levels left

rFire   + . .        s - +3 dagger (venom)
rCold   . . .        a - +0 buckler
rNeg    . . .        F - +0 steam dragon scales
rPois   +            E - +2 hat
rElec   .            (no cloak)
rCorr   .            (no gloves)
SInv    .            v - +0 pair of boots
Will    +....        x - amulet of regeneration
Stlth   ++++         e - ring of poison resistance
HPRegen 1.90/turn    t - ring "Disman" {rF+ Dex+3}
MPRegen 0.19/turn

%: guardian spirit
@: no status effects
A: fangs 3, regeneration 1, magic shield, antimagic bite, no potion heal 2
a: Renounce Religion


You were on level 11 of the Dungeon.
You worshipped Vehumet.
Vehumet was greatly pleased with you.
You visited 2 branches of the dungeon, and saw 12 of its levels.

You collected 492 gold pieces.

Inventory:

Hand Weapons
 c - a +3 falchion of freezing
 s - a +3 dagger of venom (weapon)
 w - a +2 dagger of holy wrath
Missiles
 j - 67 poisoned darts (quivered)
 o - 4 boomerangs
 u - 5 curare-tipped darts
Armour
 a - a +0 buckler (worn)
 v - a +0 pair of boots (worn)
 C - a +2 leather armour of fire resistance
 E - a +2 hat (worn)
 F - +0 steam dragon scales (worn)
 I - the +1 robe "Hoonat" {^Contam Dex+2 SInv}
   (You found it on level 10 of the Dungeon)

   Dex+2:     It affects your dexterity (+2).
   SInv:      It lets you see invisible.
   ^Contam:   It causes magical contamination when unequipped.
Jewellery
 d - the ring of Pamet {rN+ Str+2}
   (You found it on level 9 of the Dungeon)

   [ring of positive energy]

   Str+2:     It affects your strength (+2).
   rN+:       It protects you from negative energy.
 e - a ring of poison resistance (left hand)
 f - the amulet "Qutuzxul" {Spirit rC+ rCorr Int+3}
   (You took it off an orc warrior on level 9 of the Dungeon)

   [amulet of guardian spirit]

   Spirit:    It causes incoming damage to be divided between your reserves of
   health and magic.
   Int+3:     It affects your intelligence (+3).
   rC+:       It protects you from cold.
   rCorr:     It protects you from acid and corrosion.
 t - the ring "Disman" (right hand) {rF+ Dex+3}
   (You took it off a deep elf pyromancer on level 9 of the Dungeon)

   [ring of protection from fire]

   Dex+3:     It affects your dexterity (+3).
   rF+:       It protects you from fire.
 x - an amulet of regeneration (around neck)
Wands
 g - a wand of light (5)
 y - a wand of flame (5)
 H - a wand of iceblast (6)
Scrolls
 b - a scroll of blinking {unknown}
 i - 3 scrolls of fog
 l - a scroll of fear
 m - 3 scrolls of amnesia
 p - 2 scrolls of enchant armour
 q - a scroll of vulnerability
 G - a scroll of noise {unknown}
 J - a scroll of revelation {unknown}
 K - a scroll of identify
Potions
 h - 3 potions of enlightenment
 k - a potion of might
 n - 5 potions of curing
 r - 3 potions of lignification
 z - a potion of resistance
 A - a potion of invisibility
 B - a potion of mutation
 D - a potion of haste


   Skills:
 * Level 6.1 Fighting
 + Level 4.6(4.9) Short Blades
 + Level 2.0(3.6) Long Blades
 + Level 1.8 Throwing
 + Level 5.3 Dodging
 + Level 8.2 Stealth
 + Level 4.6 Shields
 * Level 7.8 Spellcasting
 + Level 4.5 Conjurations
 + Level 1.0 Summonings
 * Level 3.6 Necromancy
 + Level 5.3 Translocations
 * Level 3.5 Fire Magic
 + Level 4.4 Air Magic
 + Level 4.3 Alchemy
 + Level 0.4 Evocations


You had 10 spell levels left.
You knew the following spells:

 Your Spells              Type           Power      Damage    Failure   Level
a - Magic Dart            Conj           92%        1d7       1%          1
b - Blink                 Tloc           52%        N/A       2%          2
c - Mephitic Cloud        Conj/Alch/Air  23%        N/A       1%          3
o - Scorch                Fire           38%        2d6       1%          2
u - Dispel Undead         Necr           20%        3d11      30%         4
x - Olgreb's Toxic Radia  Alch           22%        N/A       6%          4

Your spell library contained the following spells:

 Spells                   Type           Power      Damage    Failure   Level
 Cigotuvi's Dreadful Rot  Necr/Alch/Air  42%        N/A       3%          2
 Summon Small Mammal      Summ           40%        N/A       9%          1
 Slow                     Hex            28%        N/A       13%         1
 Call Imp                 Summ           20%        N/A       13%         2
 Call Canine Familiar     Summ           10%        N/A       26%         3
 Martyr's Knell           Necr/Summ      15%        N/A       45%         4
 Summon Blazeheart Golem  Fire/Summ      15%        N/A       45%         4
 Death Channel            Necr           10%        N/A       99%         6


Dungeon Overview and Level Annotations

Branches:
Dungeon (11/15)            Temple (1/1) D:5             Orc (0/2) D:9
   Lair: D:8-11

Altars:
Ashenzari
Cheibriados
Dithmenos
Elyvilon
Fedhas
Gozag
Hepliaklqana
Kikubaaqudgha
Makhleb
Nemelex Xobeh
Okawaru
Qazlal
Ru
Sif Muna
Trog
Uskayaw
Vehumet
Wu Jian
Xom
Yredelemnul
Zin
The Shining One

Shops:
D:2 =

Annotations:
D:3 1 runed translucent door
D:6 3 runed translucent doors, laqueoix's ghost, novice OnGl
D:9 skeletal warrior


Innate Abilities, Weirdness & Mutations

You have razor-sharp teeth.
Your natural rate of healing is unusually fast.
When hurt, damage is shared between your health and your magic reserves.
Your bite disrupts and absorbs the magic of your enemies.
Potions cannot restore your health.


Message History

The black bear bites itself but does no damage.
The black bear claws itself. x2; The vampire mosquito misses you.
Press: ? - help, v - describe, . - travel
Here: a cyclops, quivering large rocks (confused)
An open door, spattered with blood.
You hit the vampire mosquito.
The vampire mosquito convulses.
You bite the vampire mosquito. You drain its power.
You feel invigorated.
The vampire mosquito is moderately damaged.
You block the vampire mosquito's attack. x2
You closely miss the vampire mosquito. Your bite misses the vampire mosquito.
The vampire mosquito is moderately damaged.
The black bear is engulfed in noxious fumes.
The black bear appears confused.
The black bear misses the vampire mosquito.
The black bear barely misses the vampire mosquito.
The black bear misses the vampire mosquito.
The vampire mosquito closely misses you.
You hit the vampire mosquito.
The vampire mosquito convulses.
You bite the vampire mosquito. You drain its power.
You feel invigorated.
The vampire mosquito is severely damaged.
The vampire mosquito bites you!
The vampire mosquito draws strength from your injuries!
The black bear is engulfed in noxious fumes.
The black bear appears confused.
The black bear barely misses the vampire mosquito.
The black bear closely misses the vampire mosquito.
The black bear claws the vampire mosquito.
You hit the vampire mosquito.
The vampire mosquito convulses.
You destroy the vampire mosquito!
Vehumet accepts your kill.
You feel your power returning.
The black bear is engulfed in noxious fumes.
The black bear appears confused.
Your +2 dagger of holy wrath stops glowing.
Your +3 dagger of venom begins to drip with poison!
s - a +3 dagger of venom (weapon)
The cyclops seems less confused.
The cyclops throws a large rock.
The large rock hits you!!!
Ouch! That really hurt!
You die...

#..#.⌠.#≈≈#.⌠.#.## #.....
#..#...#~≈#...#..#####...CF
#...###~..~###........P..PP
#...................(.....P
#......#...#..........P..
#......#...#........C....
#......'.C.#......(....CP
#......#...#.†..(........
#.....○###@#†...........P
#.....☼h○...†............
########§.....##########.
#......# #.....†# #......#
#......###### #............
#....######..


You could see a cyclops and a black bear (confused).

Vanquished Creatures
  An entropy weaver (shapeshifter) (D:9)
  A centaur warrior (D:10)
  Sonja (D:10)
  A deep elf pyromancer (D:9)
  An ugly thing (D:9)
  A manticore (D:9)
  2 cyclopes
  Joseph (D:10)
  Maggie (D:7)
  A hornet (D:9)
  A shadow (D:9)
  10 yaks
  A vampire (D:10)
  A basilisk (D:9)
  3 vampire mosquitoes
  A steam dragon (D:6)
  3 water moccasins
  Duvessa (D:7)
  5 orc warriors
  5 black bears
  An ice beast (D:5)
  A sky beast (D:6)
  2 ogres (D:7)
  6 centaurs
  2 phantoms
  8 kobold brigands
  Blork the orc (D:6)
  6 bullfrogs
  2 scorpions
  3 gnoll sergeants
  3 wights (D:9)
  Dowan (D:7)
  12 killer bees
  An electric eel (D:10)
  9 howler monkeys
  A bombardier beetle (D:5)
  A hound (D:6)
  7 orc priests
  A gnoll bouda (D:4)
  4 jellies
  2 iguanas (D:5)
  Terence (D:3)
  11 orc wizards
  2 sleepcaps
  Robin (D:4)
  24 gnolls
  8 adders
  3 shadow imps
  2 ufetubi (D:6)
  2 dart slugs
  4 ribbon worms
  12 orcs
  9 ball pythons
  5 endoplasms
  4 giant cockroaches
  17 goblins
  9 hobgoblins
  4 jackals
  36 kobolds
  3 quokkas
  12 bats
  8 frilled lizards
  A jackal skeleton (D:3)
  A kobold zombie (D:3)
  6 rats
301 creatures vanquished.

Vanquished Creatures (collateral kills)
  A killer bee (D:6)
1 creature vanquished.

Vanquished Creatures (others)
  An electric eel (D:10)
1 creature vanquished.

Grand Total: 303 creatures vanquished

Notes
Turn   | Place    | Note
-------+----------+-------------------------------------------
     0 | D:1      | Esekla the Vine Stalker Hedge Wizard began the quest for
                  | the Orb.
     0 | D:1      | Reached XP level 1. HP: 9/9 MP: 5/5
    85 | D:1      | Reached XP level 2. HP: 13/13 MP: 5/7
   291 | D:1      | Found a faded altar of an unknown god.
   491 | D:1      | Reached XP level 3. HP: 16/16 MP: 5/9
   494 | D:1      | Learned a level 2 spell: Blink
   498 | D:1      | Learned a level 3 spell: Mephitic Cloud
   810 | D:2      | Reached skill level 3 in Stealth
   975 | D:2      | Reached skill level 1 in Air Magic
  1126 | D:2      | Found Gaiqurph's Jewellery Shoppe.
  1182 | D:2      | Reached skill level 1 in Fighting
  1182 | D:2      | Reached XP level 4. HP: 21/22 MP: 10/10
  1654 | D:3      | Noticed Terence
  1671 | D:3      | Killed Terence
  1699 | D:3      | Found a glowing silver altar of Zin.
  1735 | D:3      | Found a shimmering blue altar of Sif Muna.
  1735 | D:3      | Found a shadowy altar of Dithmenos.
  1750 | D:3      | Reached skill level 1 in Alchemy
  1765 | D:3      | Found a runed translucent door.
  1765 | D:3      | Noticed a human
  1780 | D:3      | Reached skill level 1 in Short Blades
  1788 | D:3      | Found a basalt altar of Yredelemnul.
  1820 | D:3      | Reached XP level 5. HP: 25/25 MP: 12/12
  2662 | D:4      | Reached XP level 6. HP: 30/30 MP: 13/13
  2769 | D:4      | Noticed Robin
  2784 | D:4      | Killed Robin
  3014 | D:4      | Reached XP level 7. HP: 33/33 MP: 8/14
  3080 | D:5      | Entered Level 5 of the Dungeon
  3688 | D:5      | Found a staircase to the Ecumenical Temple.
  3695 | Temple   | Entered the Ecumenical Temple
  3705 | Temple   | Became a worshipper of Vehumet
  3997 | D:5      | Reached skill level 4 in Stealth
  3997 | D:5      | Reached skill level 1 in Shields
  4484 | D:5      | Gained mutation: You have razor-sharp teeth. [Vine Stalker
                  | growth]
  4484 | D:5      | Reached XP level 8. HP: 33/39 MP: 10/15
  4750 | D:6      | Found a runed translucent gate.
  4751 | D:6      | Found a runed translucent gate.
  4823 | D:6      | Noticed Blork the orc
  4836 | D:6      | Killed Blork the orc
  4895 | D:6      | Found a runed translucent gate.
  4896 | D:6      | Noticed laqueoix's ghost (novice OnGl)
  4987 | D:6      | Found a sacrificial altar of Ru.
  5115 | D:6      | Found an iron altar of Okawaru.
  5121 | D:6      | Found a bloodstained altar of Trog.
  5154 | D:6      | Reached skill level 5 in Stealth
  5162 | D:6      | Reached skill level 1 in Long Blades
  5209 | D:6      | Reached XP level 9. HP: 25/44 MP: 7/17
  5212 | D:6      | Reached * piety under Vehumet
  5212 | D:6      | Offered knowledge of Sandblast by Vehumet.
  5213 | D:6      | Reached skill level 5 in Spellcasting
  5714 | D:7      | Noticed Maggie
  5914 | D:7      | Offered knowledge of Sting by Vehumet.
  5950 | D:7      | Reached ** piety under Vehumet
  5975 | D:7      | Reached skill level 6 in Stealth
  6087 | D:7      | Noticed Dowan
  6090 | D:7      | Noticed Duvessa
  6097 | D:7      | Killed Dowan
  6113 | D:7      | Killed Duvessa
  6114 | D:7      | Reached XP level 10. HP: 44/49 MP: 15/19
  6457 | D:7      | Reached skill level 5 in Translocations
  6725 | D:7      | Killed Maggie
  6983 | D:8      | Found a hide-covered altar of Uskayaw.
  7245 | D:8      | Found an ornate altar of the Wu Jian Council.
  7269 | D:8      | Reached skill level 1 in Throwing
  7308 | D:8      | Reached skill level 7 in Stealth
  7492 | D:8      | Found a glowing golden altar of the Shining One.
  7724 | D:9      | Offered knowledge of Scorch by Vehumet.
  7742 | D:9      | Learned a level 2 spell: Scorch
  7959 | D:9      | Reached skill level 1 in Necromancy
  7991 | D:9      | Reached skill level 1 in Fire Magic
  8125 | D:9      | Found a staircase to the Orcish Mines.
  8177 | D:9      | Reached *** piety under Vehumet
  8405 | D:9      | Learned a level 4 spell: Dispel Undead
  8458 | D:9      | Reached XP level 11. HP: 31/48 MP: 7/21
  8481 | D:9      | Reached skill level 5 in Fighting
  8507 | D:9      | Noticed a skeletal warrior
  8508 | D:9      | Identified the ring "Disman" {rF+ Dex+3}
  8508 | D:9      | Noticed a deep elf pyromancer
  8517 | D:9      | Killed a deep elf pyromancer
  8520 | D:9      | Noticed a cyclops
  8528 | D:9      | Noticed an entropy weaver
  8546 | D:9      | Noticed a manticore
  8563 | D:9      | HP: 2/56 [entropy weaver (shapeshifter) (7)]
  8568 | D:9      | Killed an entropy weaver
  8569 | D:9      | Identified the amulet "Qutuzxul" {Spirit rC+ rCorr Int+3}
  8569 | D:9      | Noticed a white ugly thing
  8574 | D:9      | Identified the ring of Activism {rF+ MP+9}
  8578 | D:9      | Killed a manticore
  8621 | D:9      | Identified the ring of Pamet {rN+ Str+2}
  8676 | D:9      | Killed a white ugly thing
  8677 | D:9      | Reached skill level 8 in Stealth
  8821 | D:9      | Killed a cyclops
  9089 | D:9      | Offered knowledge of Olgreb's Toxic Radiance by Vehumet.
  9095 | D:9      | Found a burning altar of Makhleb.
  9107 | D:9      | Learned a level 4 spell: Olgreb's Toxic Radiance
  9294 | D:10     | Entered Level 10 of the Dungeon
  9693 | D:10     | Found a blossoming altar of Fedhas.
  9778 | D:10     | Noticed a centaur warrior
  9780 | D:10     | Noticed Sonja
  9786 | D:10     | Killed a centaur warrior
  9787 | D:10     | Reached skill level 5 in Dodging
  9803 | D:10     | Killed Sonja
 10014 | D:10     | Identified the +1 robe "Hoonat" {^Contam Dex+2 SInv}
 10055 | D:10     | Noticed Joseph
 10057 | D:10     | Killed Joseph
 10059 | D:10     | Reached **** piety under Vehumet
 10341 | D:11     | Noticed a cyclops
 10351 | D:11     | Killed a cyclops
 10366 | D:11     | Noticed a cyclops
 10474 | D:11     | Reached XP level 12. HP: 25/61 MP: 6/24
 10481 | D:11     | Hit by a large rock thrown by a cyclops

Illustrated notes

Levels and vault maps discovered:
D:1:      tarquinn_simple_flora_water_b, layout_rooms,
          ebering_ecumenical_altar_mist
D:2:      layout_basic, serial_shops, nicolae_shop_pleasant_corner_grove,
          feat_on_display
D:3:      minmay_bubble_buster, layout_basic, zin_statuary,
          lemuel_crystal_altar, dk_yredelemnul_ordeal,
          grunt_dithmenos_smoke_and_mirrors, minmay_surrounded, uniq_terence
D:4:      layout_basic, uniq_robin
D:5:      layout_basic, minmay_temple_entry_trees, dreamdust_princess_corridor,
          nicolae_zen_rock_garden, st_stairs_3
D:6:      layout_loops_ring, lemuel_crystal_altar, trog_ov_bears_minmay,
          mainiacjoe_overflow_chevrons, gammafunk_ghost_nasty_kobolds,
          uniq_blork_the_orc
D:7:      layout_cave_pods, minmay_bent, uniq_duvessa, uniq_maggie
D:8:      layout_loops_cross, nicolae_uskayaw_murder_on_the_dancefloor,
          tso_oasis_becter, overflow_temple_1_default
D:9:      minmay_the_grid_triangle_9x9_rhombus_full
          [minmay_the_grid_triangle_9x9_descending_squares,
          minmay_the_grid_triangle_9x9_empty,
          minmay_the_grid_triangle_9x9_longest,
          minmay_the_grid_triangle_9x9_corrupted_corridor,
          minmay_the_grid_triangle_9x9_zippers_vertical,
          minmay_the_grid_triangle_9x9_limited_checkers,
          minmay_the_grid_triangle_9x9_flanged_cone,
          minmay_the_grid_triangle_9x9_prize_special], layout_loops_ring,
          lemuel_coloured_pillars_altar, david_defended_altar_orc
D:10:     nicolae_moon_pools, layout_stronghold, fedhas_bush_and_centaur_altar,
          uniq_joseph, uniq_sonja
D:11:     layout_irregular_city, due_lair_maze_entry_diamond, fountainhead,
          solitary_fountain, nicolae_elyvilon_peaceful_grove, uniq_erica,
          uniq_grum, uniq_maurice
Temple:   hellmonk_temple_micro_hex

Skill      XL: |  1  2  3  4  5  6  7  8  9 10 11 |
---------------+----------------------------------+-----
Stealth        | 3 4 5 6 7 8 |  8.2
Air Magic      | 1 2 3 4 |  4.4
Fighting       | 1 2 3 4 6 |  6.1
Alchemy        | 1 2 3 4 |  4.3
Spellcasting   | 4 5 6 7 |  7.8
Short Blades   | 1 2 3 4 |  4.6
Translocations | 2 3 4 5 |  5.3
Dodging        | 2 3 4 5 |  5.3
Shields        | 1 2 3 4 |  4.6
Conjurations   | 2 3 4 |  4.5
Long Blades    | 1 2 |  2.0
Throwing       | 1 |  1.8
Necromancy     | 1 3 |  3.6
Fire Magic     | 1 3 |  3.5
Summonings     | |  1.0
Evocations     | |  0.4

Action                     |  1- 3 |  4- 6 |  7- 9 | 10-12 || total
---------------------------+-------+-------+-------+-------++-------
  Melee: Dagger            |   105 |   197 |   251 |   403 ||   956
         Bite              |    25 |    60 |   102 |   182 ||   369
         Punch             |       |     6 |     3 |       ||     9
         Long sword        |       |       |    47 |     8 ||    55
         Falchion          |       |       |       |    14 ||    14
  Throw: Dart              |     2 |     8 |     3 |    29 ||    42
         Boomerang         |       |       |     5 |     7 ||    12
   Cast: Magic Dart        |    26 |    23 |    10 |     5 ||    64
         Mephitic Cloud    |       |     8 |    12 |    32 ||    52
         Blink             |       |       |     2 |     9 ||    11
         Scorch            |       |       |       |     3 ||     3
  Evoke: Wand              |       |       |       |     3 ||     3
    Use: Potion            |       |     1 |       |     5 ||     6
         Scroll            |       |       |     4 |    12 ||    16
   Stab: Sleeping          |     6 |     9 |     5 |     4 ||    24
         Confused          |       |     6 |    10 |    16 ||    32
         Distracted        |       |     1 |       |       ||     1
 Armour: Robe              |    53 |    86 |   194 |    22 ||   355
         Steam dragon scal |       |       |       |   198 ||   198
  Dodge: Dodged            |    72 |    91 |   167 |   233 ||   563
  Block: Buckler           |       |       |       |    97 ||    97
